 Dungeon Sprint DCSS version 0.31-a0-473-g61b50ae490 (webtiles) character file.

Game seed: 16643574395752225507

40617 sircluck the Wrestler (level 13, -5/216 HPs)
             Began as a Troll Berserker on June 15, 2023.
             Was a High Priest of Trog.
             Shot with an arrow by a deep elf master archer (22 damage)
             ... in the Dungeon (Sprint I: "Red Sonja") on Aug 6, 2023.
             The game lasted 00:30:28 (4044 turns).

sircluck the Wrestler (Troll Berserker)             Turns: 4044, Time: 00:30:29

Health: -5/216     AC:  9    Str: 32 (35) XL:     13   Next: 75%
Magic:  0/19       EV: 15    Int:  2 (3)  God:    Trog [*****.]
Gold:   3359       SH:  0    Dex: 13      Spells: 12/12 levels left

rFire   + .          .
                       - Unarmed
rCold   x . .        (no shield)
rNeg    . . .        l - +1 troll leather armour
rPois   +            (helmet restricted)
rElec   .            w - +1 cloak {rPois}
rCorr   .            (gloves unavailable)
SInv    .            (boots unavailable)
Will    .....        q - amulet of Incredulity {Spirit Rampage rF+ MP+9 Str+3} Stlth
                     g - +6 ring of dexterity
HPRegen 2.16/turn    (no ring)
MPRegen 0.16/turn

%: no teleportation, random rage (3%), guardian spirit, rampage
@: berserking, unable to drink, very quick
A: large, unfitting armour, claws 3, regeneration 1, shaggy fur 1, tough skin 1,
berserk 1, clumsy 1, deterioration 1, low MP 1, cold vulnerability 1, subdued
magic 1, inability to drink after injury 2
a: Renounce Religion, Berserk, Trog's Hand, Brothers in Arms


You were in the Dungeon.
You worshipped Trog.
Trog was extremely pleased with you.
You visited 1 branch You collected 6457 gold pieces.
You spent 3098 gold pieces at shops.

Inventory:

Hand Weapons
 u - the +11 falchion "Belotz" {pain, Fragile Str+3}
   (You found it in the Dungeon)

   Str:       It affects your strength (+3).
   Fragile:   It will be destroyed if unequipped.
Missiles
 s - 2 boomerangs
Armour
 a - a +0 animal skin
 i - +0 fire dragon scales
 l - a +1 troll leather armour (worn)
 o - +0 gold dragon scales
 w - a +1 cloak of poison resistance (worn)
Jewellery
 g - a +6 ring of dexterity (left claw)
 q - the amulet of Incredulity (around neck) {Spirit Rampage rF+ MP+9 Str+3}
   (You acquired it in the Dungeon)

   [amulet of guardian spirit]

   It causes incoming damage to be divided between your reserves of health and
   magic.
   Str:       It affects your strength (+3).
   rF:        It protects you from fire.
   MP:        It affects your magic capacity (+9).
   Rampage:   It bestows one free step when moving towards enemies.
 x - an amulet of faith
Wands
 h - a wand of flame (1)
 m - a wand of polymorph (7)
 v - a wand of quicksilver (1)
Scrolls
 n - 3 scrolls of identify {unknown}
 p - a scroll of vulnerability {unknown}
Potions
 b - 7 potions of curing
 c - a potion of heal wounds
 d - 2 potions of haste
 e - 2 potions of magic
 f - a potion of berserk rage
 z - a potion of enlightenment
Miscellaneous
 j - a phial of floods
 k - a removed chess piece
 r - a sack of spiders (inert)
 t - a phantom mirror


   Skills:
 + Level 13.5 Fighting
 + Level 8.5 Armour
 + Level 13.5 Dodging
 + Level 2.6 Stealth
 + Level 24.4 Unarmed Combat
 + Level 4.0 Evocations


You had 12 spell levels left.
You didn't know any spells.
Your spell library was empty.

Dungeon Overview and Level Annotations

Branches:
Dungeon (1/1)

Altars:
Cheibriados
Dithmenos
Elyvilon
Fedhas
Gozag
Hepliaklqana
Kikubaaqudgha
Makhleb
Nemelex Xobeh
Okawaru
Qazlal
Ru
Sif Muna
Trog
Uskayaw
Vehumet
Wu Jian
Xom
Yredelemnul
Zin
The Shining One
Jiyva
Lugonu

Shops:
D [?*(!![[*(!?*[!(=?![::

Annotations:
D Tiamat


Innate Abilities, Weirdness & Mutations

You are too large for most types of armour.
You have claws for hands.
Your natural rate of healing is unusually fast.
You are covered in fur. (AC +1)
You have tough skin. (AC +1)
You sometimes lose your temper in combat.
You are clumsy. (Dex -2)
Your body sometimes deteriorates upon taking damage.
Your magical capacity is low. (-10% MP)
You are vulnerable to cold. (rC-)
Your spells are a little easier to cast, but a little less powerful.
You sometimes lose the ability to drink potions when taking damage.


Message History

The daeva shouts!
There is an open door here.
There is an open door here.
Really walk into a travel-excluded area?
There is an open door here.
This door is marked as excluded!
Open it anyway? [Y]es or [N]o only, please.
This door is marked as excluded!
Open it anyway? [Y]es or [N]o only, please.
This door is marked as excluded!
Open it anyway?
Okay, then.
There is an open door here.
You see here a +4 quarterstaff.
Things that are here:
a +0 long sword; a +0 chain mail; a +0 trident You see here a +0 trident.
The deep elf master archer shouts!
The deep elf master archer shoots an arrow.
The arrow hits you!
The deep elf master archer shoots an arrow.
The arrow closely misses you.
The deep elf master archer shoots an arrow.
The arrow hits you!!
The deep elf master archer shoots an arrow.
The arrow hits you!!
You feel threatened and lose the ability to drink potions!
The deep elf master archer shoots an arrow.
The arrow hits you!
Really walk into a travel-excluded area?
The deep elf master archer shoots an arrow.
The arrow hits you!!
You rampage towards the deep elf master archer!
The deep elf master archer shoots an arrow.
The arrow hits you!!!
* * * LOW HITPOINT WARNING * * *
A red film seems to cover your vision as you go berserk!
You feel yourself moving faster!
You feel mighty!
The deep elf master archer shoots an arrow.
The arrow hits you!!
You die...

.#°°°###..###.#.)≈###§##...#..).#
.+.....##.#A#.#.)≈.)#§####'#....#
.#.....#..###.#.)≈.##'#§§§.##...#
.###++##.##...#..≈##§.§§§§..##..#
###..###..#+###..≈#§§†..§§§..#.○#
####..###...#.≈..##.§§.§§§...##○#
#..#).#.###.#.≈..#...§§§§.§§..#°#
#.○......°#.###..#...§.§§.....#.#
#......°..#.#.'.@##..§.......##.#
'......####'#.##e##..........#.○#
##...###..).#^#~~~##........##○○#
.#####...####.#~~~~##))..:)##.○.#
..)..).###,,..#~~~~~########....#
..)#####,,,^####~~~~#~~~~~#°....#
..##,^,,,^,,#..#'~~~'~~.~~+.....#
.##,,,,,,^^,#...##~~#~~~~~#~~~..#
.#,,,,,,,,,^#....######+#####○~~#


You could see a deep elf master archer.

Vanquished Creatures
  the Lernaean hydra (D)
  A shadow dragon (D)
  3 fire giants (D)
  A lorocyproca (D)
  A deep elf annihilator (D)
  A mummy priest (D)
  2 centaur warriors (D)
  4 demonic crawlers (D)
  A deep troll (D)
  A lindwurm (D)
  2 oklob plants (D)
  8 shining eyes (D)
  A merfolk siren (D)
  A gargoyle (D)
  7 unseen horrors (D)
  2 kobold demonologists (D)
  3 hornets (D)
  A hellwing (D)
  A slime creature (D)
  Sigmund (D)
  A yak (D)
  13 hogs (D)
  2 redbacks (D)
  6 floating eyes (D)
  An ogre (D)
  7 necrophages (D)
  8 jellies (D)
  Ijyb (D)
82 creatures vanquished.

Vanquished Creatures (collateral kills)
  A golden dragon (D)
  A fire giant (D)
  A hydra (D)
  Sonja (D)
  A merfolk siren (D)
  2 hornets (D)
  A floating eye (D)
8 creatures vanquished.

Vanquished Creatures (others)
  A gargoyle (D)
  2 ballistomycete spores (D)
3 creatures vanquished.

Grand Total: 93 creatures vanquished

Notes
Turn   | Place    | Note
-------+----------+-------------------------------------------
     0 | D        | sircluck the Troll Berserker began the quest for the Orb.
     0 | D        | Reached XP level 1. HP: 22/22 MP: 0/0
     1 | D        | Noticed Ijyb
    12 | D        | Killed Ijyb
    13 | D        | Reached skill level 4 in Unarmed Combat
    13 | D        | Reached XP level 2. HP: 15/32 MP: 1/1
    29 | D        | Noticed an ogre
    33 | D        | Killed an ogre
    34 | D        | Reached skill level 5 in Fighting
    34 | D        | Reached skill level 5 in Dodging
    34 | D        | Reached skill level 6 in Unarmed Combat
    34 | D        | Reached XP level 3. HP: 28/42 MP: 2/2
    34 | D        | Reached XP level 4. HP: 34/50 MP: 3/3
    78 | D        | Noticed Sigmund
    86 | D        | Killed Sigmund
    86 | D        | Reached ** piety under Trog
    87 | D        | Reached skill level 7 in Unarmed Combat
    87 | D        | Reached XP level 5. HP: 55/61 MP: 4/4
    87 | D        | Reached XP level 6. HP: 62/68 MP: 5/5
    99 | D        | Found an ornate altar of the Wu Jian Council.
    99 | D        | Found a shimmering blue altar of Sif Muna.
   101 | D        | Found a radiant altar of Vehumet.
   106 | D        | Reached skill level 8 in Unarmed Combat
   135 | D        | Found Luecek's Weapon Emporium.
   135 | D        | Found an ancient bone altar of Kikubaaqudgha.
   135 | D        | Found a hazy altar of Hepliaklqana.
   135 | D        | Found a stormy altar of Qazlal.
   135 | D        | Found a hide-covered altar of Uskayaw.
   135 | D        | Found a blossoming altar of Fedhas.
   135 | D        | Found a bloodstained altar of Trog.
   135 | D        | Found an iron altar of Okawaru.
   135 | D        | Found a basalt altar of Yredelemnul.
   135 | D        | Found a glowing golden altar of the Shining One.
   135 | D        | Found a snail-covered altar of Cheibriados.
   135 | D        | Found a sacrificial altar of Ru.
   135 | D        | Found a glowing silver altar of Zin.
   135 | D        | Found a shadowy altar of Dithmenos.
   135 | D        | Found a white marble altar of Elyvilon.
   135 | D        | Noticed a yak
   136 | D        | Found an opulent altar of Gozag.
   146 | D        | Killed a yak
   147 | D        | Reached skill level 9 in Unarmed Combat
   147 | D        | Found a sparkling altar of Nemelex Xobeh.
   164 | D        | Found a burning altar of Makhleb.
   164 | D        | Found a viscous altar of Jiyva.
   164 | D        | Found a shimmering altar of Xom.
   164 | D        | Found a corrupted altar of Lugonu.
   164 | D        | Noticed a slime creature
   174 | D        | Killed a slime creature
   174 | D        | Reached *** piety under Trog
   175 | D        | Reached skill level 10 in Unarmed Combat
   175 | D        | Reached XP level 7. HP: 20/79 MP: 6/6
   240 | D        | Noticed a kobold demonologist
   240 | D        | Noticed a kobold demonologist
   246 | D        | Killed a kobold demonologist
   246 | D        | Paralysed by a floating eye for 3 turns
   253 | D        | Reached skill level 11 in Unarmed Combat
   254 | D        | Killed a kobold demonologist
   254 | D        | Reached **** piety under Trog
   255 | D        | Reached XP level 8. HP: 86/92 MP: 7/7
   287 | D        | Noticed Sonja
   484 | D        | Noticed a deep troll
   493 | D        | Killed a deep troll
   494 | D        | Reached skill level 12 in Unarmed Combat
   494 | D        | Found Qimas's Armour Emporium.
   535 | D        | Bought +0 fire dragon scales for 780 gold pieces
   570 | D        | Noticed a centaur warrior
   570 | D        | Noticed a hornet
   570 | D        | Noticed a centaur warrior
   576 | D        | Killed a centaur warrior
   577 | D        | Reached skill level 10 in Fighting
   577 | D        | Reached skill level 1 in Armour
   577 | D        | Reached skill level 13 in Unarmed Combat
   577 | D        | Reached XP level 9. HP: 101/101 MP: 8/8
   580 | D        | Killed a centaur warrior
   581 | D        | Reached skill level 10 in Dodging
   581 | D        | Reached skill level 14 in Unarmed Combat
   698 | D        | Paralysed by a floating eye for 3 turns
   706 | D        | Killed Sonja
   707 | D        | Reached skill level 15 in Unarmed Combat
   731 | D        | Found Taisegael's Antique Armour Boutique.
   731 | D        | Noticed a shining eye
   731 | D        | Noticed a shining eye
   840 | D        | Noticed a shining eye
   841 | D        | Paralysed by a floating eye for 3 turns
   843 | D        | Gained mutation: Your spells are a little easier to cast,
                  | but a little less powerful. [a shining eye]
   845 | D        | Killed a shining eye
   846 | D        | Reached skill level 1 in Stealth
   846 | D        | Reached XP level 10. HP: 113/113 MP: 9/9
   849 | D        | Noticed a shining eye
   849 | D        | Paralysed by a floating eye for 3 turns
   851 | D        | Gained mutation: You are clumsy. (Dex -2) [a shining eye]
   853 | D        | Gained mutation: You occasionally lose the ability to drink
                  | potions when taking damage. [a shining eye]
   857 | D        | Killed a shining eye
   857 | D        | Reached ***** piety under Trog
   857 | D        | Paralysed by a floating eye for 3 turns
   858 | D        | Reached skill level 16 in Unarmed Combat
   860 | D        | Gained mutation: You sometimes lose your temper in combat.
                  | [a shining eye]
   863 | D        | Killed a shining eye
   866 | D        | Killed a shining eye
   867 | D        | Noticed a shining eye
   867 | D        | Noticed a shining eye
   868 | D        | Noticed a shining eye
   868 | D        | Noticed a shining eye
   868 | D        | Gained mutation: You sometimes lose the ability to drink
                  | potions when taking damage. [a shining eye]
   869 | D        | Paralysed by a floating eye for 2 turns
   869 | D        | Gained mutation: Your magical capacity is low. (-10% MP) [a
                  | shining eye]
   870 | D        | Upgraded the game from 0.31-a0-174-g85c54bcb58 to
                  | 0.31-a0-473-g61b50ae490
   872 | D        | Killed a shining eye
   873 | D        | Reached skill level 17 in Unarmed Combat
   873 | D        | Gained mutation: You are vulnerable to cold. (rC-) [a
                  | shining eye]
   874 | D        | Gained mutation: Your body sometimes deteriorates upon
                  | taking damage. [a shining eye]
   877 | D        | Killed a shining eye
   877 | D        | Identified the +7 glaive of the Ass {flame, Drain +Blink
                  | Fly rN++} (Trog gifted it to you in the Dungeon)
   877 | D        | Received a gift from Trog
   880 | D        | Killed a shining eye
   883 | D        | Killed a shining eye
   884 | D        | Reached skill level 18 in Unarmed Combat
   885 | D        | Found Riloit's Magic Scroll Shoppe.
   885 | D        | Found Habeniss's General Store.
   887 | D        | Found Xinoedgh's Distillery.
   888 | D        | Found Sirezuiw's Distillery.
   913 | D        | Bought a scroll of revelation for 82 gold pieces
   959 | D        | Noticed an oklob plant
   964 | D        | Killed an oklob plant
  1057 | D        | Reached XP level 11. HP: 123/123 MP: 8/8
  1058 | D        | Reached ****** piety under Trog
  1106 | D        | Received a gift from Trog
  1126 | D        | Received a gift from Trog
  1127 | D        | Reached skill level 19 in Unarmed Combat
  1155 | D        | Identified the +0 chain mail of Icil {Drain Fly rElec
                  | rCorr}
  1158 | D        | Found Lafies's Armour Shoppe.
  1158 | D        | Found Urphyl's Armour Shop.
  1158 | D        | Found Ufaem's Assorted Antiques.
  1160 | D        | Found Tixtyu's Antique Weapon Emporium.
  1160 | D        | Found Cekhloleusk's Distillery.
  1160 | D        | Found Poolewun's Magic Scroll Shoppe.
  1160 | D        | Found Xeneneocla's Assorted Antiques.
  1160 | D        | Found Hifrick's Antique Armour Emporium.
  1160 | D        | Found Riafid's Distillery.
  1160 | D        | Found Cenwy's Antique Weapon Shoppe.
  1161 | D        | Bought a +1 troll leather armour for 242 gold pieces
  1172 | D        | Found Reipifuz's Jewellery Boutique.
  1173 | D        | Found Puh Vykh's Distillery.
  1173 | D        | Found Ade Ebou's Magic Scroll Boutique.
  1174 | D        | Found Dosk's Book Emporium.
  1178 | D        | Bought a dented emerald amulet for 90 gold pieces
  1271 | D        | Noticed a demonic crawler
  1271 | D        | Noticed a demonic crawler
  1271 | D        | Noticed a demonic crawler
  1271 | D        | Noticed a demonic crawler
  1276 | D        | Killed a demonic crawler
  1280 | D        | Killed a demonic crawler
  1282 | D        | Killed a demonic crawler
  1283 | D        | Reached skill level 20 in Unarmed Combat
  1284 | D        | Killed a demonic crawler
  1285 | D        | Reached skill level 5 in Armour
  1340 | D        | Noticed a lindwurm
  1350 | D        | Killed a lindwurm
  1375 | D        | Received a gift from Trog
  1379 | D        | Reached skill level 21 in Unarmed Combat
  1391 | D        | Identified the +11 halberd "Yjashrun" {flame, rF- Will+
                  | rCorr} (Trog gifted it to you in the Dungeon)
  1391 | D        | Received a gift from Trog
  1406 | D        | Noticed a 12-headed hydra
  1411 | D        | Killed a 13-headed hydra
  1451 | D        | Noticed a daeva
  1451 | D        | Noticed a deep elf annihilator
  1803 | D        | Noticed a shadow dragon
  1803 | D        | Noticed a golden dragon
  1810 | D        | Killed a golden dragon
  1811 | D        | Reached skill level 22 in Unarmed Combat
  1811 | D        | Reached XP level 12. HP: 133/133 MP: 9/9
  1815 | D        | Killed a shadow dragon
  1892 | D        | Found Nyqymogumm's Book Shoppe.
  2010 | D        | Bought a scroll of acquirement for 572 gold pieces
  2010 | D        | Bought a scroll of acquirement for 572 gold pieces
  2010 | D        | Acquired the amulet of Incredulity {Spirit Rampage rF+ MP+9
                  | Str+3}
  2011 | D        | Acquired 467 gold pieces
  2019 | D        | Bought a potion of experience for 700 gold pieces
  2019 | D        | Reached skill level 1 in Evocations
  2019 | D        | Reached XP level 13. HP: 141/141 MP: 9/10
  2265 | D        | Noticed a fire giant
  2277 | D        | Killed a fire giant
  2287 | D        | Noticed a fire giant
  2287 | D        | Noticed a fire giant
  2288 | D        | Noticed a fire giant
  2293 | D        | Killed a fire giant
  2293 | D        | Received a gift from Trog
  2294 | D        | Reached skill level 23 in Unarmed Combat
  2296 | D        | Killed a fire giant
  2302 | D        | Killed a fire giant
  2325 | D        | Found the +4 dragonskin cloak
  2325 | D        | Noticed Tiamat
  2429 | D        | Received a gift from Trog
  2434 | D        | Noticed a mummy priest
  2546 | D        | Killed a deep elf annihilator
  2751 | D        | Killed a mummy priest
  2752 | D        | Reached skill level 24 in Unarmed Combat
  2844 | D        | Noticed the 27-headed Lernaean hydra
  2858 | D        | Killed the 26-headed Lernaean hydra
  2984 | D        | Noticed a deep elf master archer
  3213 | D        | Identified the +11 falchion "Belotz" {pain, Fragile Str+3}
  3217 | D        | Identified the +0 scale mail of Camoc {Stlth+}
  3663 | D        | Killed a lorocyproca
  3965 | D        | Bought a potion of enlightenment for 60 gold pieces
  4044 | D        | Shot with an arrow by a deep elf master archer

Illustrated notes

Levels and vault maps discovered:
D:        dungeon_sprint_1 [red_sonja_temple_1, red_sonja_temple_small_1]

Skill      XL: |  1  2  3  4  5  6  7  8  9 10 11 12 13 |
---------------+----------------------------------------+-----
Fighting       | 3 5 6 7 9 10 11 12 13 | 13.5
Dodging        | 3 5 6 7 8 9 10 11 12 13 | 13.5
Unarmed Combat | 4 6 7 10 11 13 15 18 22 24 | 24.4
Armour         | 1 2 3 6 8 |  8.5
Stealth        | 1 2 |  2.6
Evocations     | 1 4 |  4.0

Action                     |  1- 3 |  4- 6 |  7- 9 | 10-12 | 13-15 || total
---------------------------+-------+-------+-------+-------+-------++-------
  Melee: Unarmed           |    13 |    28 |    31 |   117 |    56 ||   245
         Punch             |     1 |     1 |     4 |    11 |     5 ||    22
 Invoke: Berserk           |     1 |       |     4 |     3 |     3 ||    11
         Brothers in Arms  |       |       |     1 |     3 |     6 ||    10
         Trog's Hand       |       |       |       |       |     1 ||     1
  Evoke: Wand              |       |       |       |     1 |    23 ||    24
    Use: Potion            |       |       |     1 |     1 |     1 ||     3
         Scroll            |       |       |       |     3 |     1 ||     4
   Stab: Distracted        |       |       |       |       |     1 ||     1
 Armour: Animal skin       |       |     2 |     4 |       |       ||     6
         Fire dragon scale |       |       |    16 |    23 |       ||    39
         Troll leather arm |       |       |       |    23 |    16 ||    39
  Dodge: Dodged            |     4 |     9 |    12 |    49 |    36 ||   110

Table legend: (Time is in decaauts)
 A = Elapsed time spent in this place.
 B = Non-inter-level travel time spent in this place.
 C = Inter-level travel time spent in this place.
 D = Time resting spent in this place.
 E = Time spent auto-exploring this place.
 F = Levels seen in this place.
 G = Mean time per level.
                   A        B        C        D        E       F      G
               +--------+--------+--------+--------+--------+-----+--------+
         Total |   4117 |   3671 |    446 |   1812 |    230 |   1 | 4117.0 |
       Dungeon |   4117 |   3671 |    446 |   1812 |    230 |   1 | 4117.0 |
               +--------+--------+--------+--------+--------+-----+--------+

Top non-repeatable levels by time:
       D: 4117 daAuts
